 Dungeon Crawl Stone Soup version 0.23-a0-171-g5ae17c6 (webtiles) character file.

68 tatocazan the Skirmisher (level 4, -1/33 HPs)
             Began as an Octopode Fighter on Sept 14, 2018.
             Slain by a goblin (3 damage)
             ... led by Robin
             ... on level 2 of the Dungeon.
             The game lasted 00:03:25 (1002 turns).

tatocazan the Skirmisher (Octopode Fighter)         Turns: 1002, Time: 00:03:25

Health: -1/33      AC:  1    Str: 15    XL:     4   Next: 19%
Magic:  4/4        EV: 17    Int: 10    God:
Gold:   123        SH:  9    Dex: 17    Spells: 3/3 levels left

rFire    . . .     SeeInvis .   a - +0 long sword
rCold    . . .     Gourm    .   b - +0 shield
rNeg     . . .     Faith    .   (helmet restricted)
rPois    .         Spirit   .   (no amulet)
rElec    .         Reflect  .   (no ring)
rCorr    .         Harm     .   (no ring)
MR       .....                  (no ring)
Stlth    ++++......             (no ring)
HPRegen  0.11/turn              (no ring)
MPRegen  0.09/turn              (no ring)
                                (no ring)
                                (no ring)

@: agile
A: almost no armour, stealthy swim, amphibious, 8 rings, constrict 8, camouflage
1, gelatinous body 1
a: no special abilities


You were on level 2 of the Dungeon.
You were not hungry.

You visited 1 branch of the dungeon, and saw 2 of its levels.

You collected 123 gold pieces.

Inventory:

Hand Weapons
 a - a +0 long sword (weapon)
Missiles
 i - 8 javelins (quivered)
Armour
 b - a +0 shield (worn)
Jewellery
 e - an uncursed amulet of magic regeneration {unknown}
Scrolls
 g - a scroll of amnesia {unknown}
 h - 2 scrolls of teleportation
 l - a scroll of identify {unknown}
 m - a scroll of remove curse {unknown}
 n - a scroll of enchant weapon {unknown}
 o - a scroll of magic mapping {unknown}
 p - a scroll of enchant armour {unknown}
 q - a scroll of fog {unknown}
Potions
 c - 2 potions of might
 j - a potion of agility
 k - a potion of degeneration {unknown}
 r - a potion of brilliance {unknown}
Comestibles
 d - a ration
 f - 12 chunks of flesh


   Skills:
 + Level 3.6 Fighting
 * Level 3.6 Long Blades
 - Level 3.0 Dodging
 + Level 0.1 Stealth
 - Level 3.0 Shields


You had 3 spell levels left.
You didn't know any spells.
Your spell library was empty.

Dungeon Overview and Level Annotations

Branches:
Dungeon (2/15)

Altars:
Gozag

Annotations:
D:2 Robin


Innate Abilities, Weirdness & Mutations

You cannot wear most types of armour.
You are very stealthy in the water. (Stealth+)
You are amphibious.
You can wear up to eight rings at the same time.
You can use your tentacles to constrict eight enemies at once.
Your skin changes colour to match your surroundings (Stealth+).
Your rubbery body absorbs attacks. (AC +1, EV +1)


Message History

Robin roars a battlecry!
The goblin goes into a battle-frenzy!
You block the goblin's attack. The goblin hits you.
* * * LOW HITPOINT WARNING * * *
You take 2 damage, and have 4/33 hp.
It was a potion of agility.
You feel agile all of a sudden.
The goblin no longer looks unusually strong.
Robin roars a battlecry!
The goblin goes into a battle-frenzy!
The goblin barely misses you. You block the goblin's attack.
A hobgoblin comes into view. It is wielding a club.
The goblin hits you.
* * * LOW HITPOINT WARNING * * *
You take 2 damage, and have 2/33 hp.
You completely miss the goblin. Your grab misses the goblin.
Your squeeze misses the goblin.
The hobgoblin no longer looks unusually strong.
The goblin hits you.
You die...

#..#....# #.#.g..#
#.....?# ##...gg#
#....g# #....g#
#...gl# ##..gg#
#.Sg@# #.##g#
#..#.# ##.#.#
####### #...#
#.....# ###..##
#.....# #.....#
##.....######.....#
..................#


You could see Robin, an adder, 4 hobgoblins, 5 goblins and a frilled lizard.

Vanquished Creatures
  3 adders (D:2)
  2 worms (D:2)
  A dart slug (D:1)
  2 leopard geckos
  7 goblins
  6 hobgoblins
  A kobold (D:1)
  A quokka (D:2)
  A ball python (D:2)
  2 bats (D:1)
  3 frilled lizards
  4 rats
33 creatures vanquished.

Notes
Turn   | Place    | Note
-------+----------+-------------------------------------------
     0 | D:1      | tatocazan the Octopode Fighter began the quest for the Orb.
     0 | D:1      | Reached XP level 1. HP: 16/16 MP: 1/1
   297 | D:1      | Reached XP level 2. HP: 21/21 MP: 2/2
   702 | D:2      | Reached XP level 3. HP: 19/26 MP: 3/3
   808 | D:2      | Found an opulent altar of Gozag.
   856 | D:2      | Reached XP level 4. HP: 27/32 MP: 4/4
   989 | D:2      | Noticed Robin
  1002 | D:2      | Slain by a goblin

Vault maps used:
D:1:      sevenhm_arrival_forest_fort_large_2
D:2:      nicolae_gozag_seed_capital, uniq_robin

Skill      XL: |  1  2 |
---------------+-------+-----
Long Blades    | 3 |  3.6
Fighting       | |  3.6
Dodging        | |  3.0
Stealth        | |  0.1
Shields        | |  3.0

Action                   |  1- 3 |  4- 6 || total
-------------------------+-------+-------++-------
Melee: Long sword        |    42 |    15 ||    57
       Constrict         |     9 |     3 ||    12
       Tentacles         |     6 |       ||     6
Throw: Javelin           |     2 |       ||     2
  Use: Scroll            |     1 |       ||     1
       Potion            |       |     1 ||     1
 Stab: Sleeping          |     4 |       ||     4
Armor: Skin              |     1 |     2 ||     3
Dodge: Dodged            |    13 |    11 ||    24
Block: Shield            |    22 |    13 ||    35
       Rpst.: Long sword |     5 |     4 ||     9

Table legend:
 A = Non-vault XP
 B = Vault XP
 C = Vault XP percentage of total XP
 D = Non-vault monster count
 E = Vault monster count
 F = Vault count percentage of total count
                 A         B        C        D         E       F
            +---------+---------+-------+---------+---------+-------
      Total |      94 |       4 |   4.1 |      31 |       2 |   6.1
            +---------+---------+-------+---------+---------+-------
        D:1 |      31 |       0 |   0.0 |      18 |       0 |   0.0
        D:2 |      63 |       4 |   6.0 |      13 |       2 |  13.3
            +---------+---------+-------+---------+---------+-------
